 Dungeon Crawl Stone Soup version 0.32-a0-131-g9dbbe29261 (webtiles) character file.

Game seed: 1333971985105299615

2078418 anacleto the Skinwalker (level 27, 351/351 HPs)
             Began as a Troll Shapeshifter on Feb 8, 2024.
             Was a High Priest of Qazlal.
             Escaped with the Orb
             ... and 4 runes on Feb 9, 2024!
             The game lasted 06:38:34 (87557 turns).

anacleto the Skinwalker (Troll Shapeshifter)       Turns: 87557, Time: 06:38:34

Health: 351/351    AC: 47    Str: 46    XL:     27
Magic:  26/26      EV:  8    Int:  6    God:    Qazlal [*****.]
Gold:   5999       SH: 43    Dex: 11    Spells: 26/26 levels left

rFire   + .          .
                       - Unarmed
rCold   + . .        h - +18 shield of the Gong {Loud rN+ Will+ rCorr EV-5}
rNeg    + + +        Y - melded +3 gold dragon scales
rPois   ∞            N - -2 hat of the Alchemist {rElec rPois rF+ rC+ rN+ Will+ rMut rCorr}
rElec   +            w - +2 cloak
rCorr   +            (gloves unavailable)
SInv    +            (boots unavailable)
Will    ++++.        s - amulet "Peshrume" {Reflect Regen+ SH+5}
Stlth   +            J - ring of Soun {rN+ Str+6 Dex+4 SInv}
HPRegen 2.38/turn    L - ring of the Tortoise {AC+8}
MPRegen 0.20/turn

%: repel missiles, reflection, resist mutation
@: statue-form, studying Summonings, very slow
A: slow and powerful, torment resistance 1, boosted hp, large, unfitting armour,
claws 3, regeneration 1, (shaggy fur 1), (tough skin 1), clumsy 1, frail 1, low
MP 1, screaming 2, electricity resistance
0: Orb of Zot
}: 4/15 runes: barnacled, slimy, silver, gossamer
a: Begin Untransformation, Renounce Religion, Upheaval, Elemental Force,
Disaster Area


You escaped.
You worshipped Qazlal.
Qazlal was extremely pleased with you.
You were a living statue of rough stone.
You visited 15 branches of the dungeon, and saw 60 of its levels.
You visited 2 bazaars.
You also visited: Ice Cave.

You collected 9386 gold pieces.
You spent 3387 gold pieces at shops.

Inventory:

Missiles
 g - 4 silver javelins
 m - 20 javelins
 r - 52 boomerangs
 I - 117 large rocks (quivered)
Armour
 h - the +18 shield of the Gong (worn) {Loud rN+ Will+ rCorr EV-5}
   (You found it on level 5 of the Vaults)

   Loud:      It is deafeningly noisy when blocking attacks.
   EV-5:      It affects your evasion (-5).
   rN+:       It protects you from negative energy.
   Will+:     It increases your willpower.
   rCorr:     It protects you from acid and corrosion.
 w - a +2 cloak (worn)
 N - the -2 hat of the Alchemist (worn) {rElec rPois rF+ rC+ rN+ Will+ rMut rCorr}
   (You acquired it on level 3 of the Depths)

   rF+:       It protects you from fire.
   rC+:       It protects you from cold.
   rElec:     It insulates you from electricity.
   rPois:     It protects you from poison rN+: It protects you from negative
   energy.
   Will+:     It increases your willpower.
   rCorr:     It protects you from acid and corrosion.
   rMut:      It protects you from mutation.
 Y - +3 gold dragon scales (melded)
Jewellery
 o - a ring of ice
 s - the amulet "Peshrume" (around neck) {Reflect Regen+ SH+5}
   (You found it on level 1 of the Elven Halls)

   [amulet of reflection]

   Reflect:   It reflects blocked missile attacks.
   Regen+:    It increases your rate of health regeneration.
   SH+5:      It affects your SH (+5).
 J - the ring of Soun (left claw) {rN+ Str+6 Dex+4 SInv}
   (You found it on level 3 of the Crypt)

   [ring of strength]

   Str+6:     It affects your strength (+6).
   Dex+4:     It affects your dexterity (+4).
   rN+:       It protects you from negative energy.
   SInv:      It lets you see invisible.
 L - the ring of the Tortoise (right claw) {AC+8}
   (You took it off a yaktaur captain on level 5 of the Vaults)

   [ring of protection]

   AC+8:      It affects your AC (+8).
Talismans
 l - a granite talisman (active)
 X - a dragon-blood talisman
Wands
 y - a wand of digging (4)
 A - a wand of paralysis (41)
 G - a wand of polymorph (33)
 M - a wand of light (21)
 O - a wand of mindburst (12)
 P - a wand of flame (33)
 R - a wand of roots (29)
Scrolls
 a - 14 scrolls of identify
 e - 2 scrolls of enchant weapon
 f - 3 scrolls of vulnerability
 n - 8 scrolls of fog
 p - a scroll of revelation
 t - 8 scrolls of poison
 B - 3 scrolls of immolation
 H - 9 scrolls of fear
 Q - 13 scrolls of teleportation
 W - 5 scrolls of silence
 Z - 2 scrolls of butterflies
Potions
 b - 14 potions of lignification
 c - a potion of resistance
 d - 7 potions of ambrosia
 j - a potion of magic
 k - 13 potions of mutation
 q - 17 potions of attraction
 u - 7 potions of curing
 z - 8 potions of brilliance
 F - 6 potions of enlightenment
 K - 4 potions of might
 U - 3 potions of haste
 V - 4 potions of cancellation
Miscellaneous
 i - a box of beasts
 x - a tin of tremorstones (2/2)
 C - a phial of floods
 E - a phantom mirror
 S - a lightning rod (4/4)


   Skills:
 * Level 22.1 Fighting
 - Level 14.5 Throwing
 + Level 11.8 Dodging
 + Level 20.0 Shields
 * Level 22.7 Unarmed Combat
 - Level 10.1 Invocations
 * Level 25.8 Shapeshifting


You had 26 spell levels left.
You didn't know any spells.
Your spell library contained the following spells:

 Spells                   Type           Power      Damage    Failure   Level
 Apportation              Tloc           0%         N/A       50%         1
 Foxfire                  Conj/Fire      0%         2x1d4     50%         1
 Freeze                   Ice            0%         1d3       50%         1
 Kiss of Death            Conj/Necr      0%         2d5       50%         1
 Magic Dart               Conj           0%         1d3       50%         1
 Necrotise                Necr           0%         1d4       50%         1
 Sandblast                Erth           0%         2d4       50%         1
 Shock                    Conj/Air       0%         1d3       50%         1
 Slow                     Hex            0%         N/A       50%         1
 Sting                    Conj/Alch      0%         1d3       50%         1
 Summon Small Mammal      Summ           0%         N/A       50%         1
 Blink                    Tloc           0%         N/A       63%         2
 Call Imp                 Summ           0%         N/A       63%         2
 Cigotuvi's Dreadful Rot  Necr/Alch/Air  0%         N/A       63%         2
 Jinxbite                 Hex            0%         N/A       63%         2
 Lesser Beckoning         Tloc           0%         N/A       63%         2
 Momentum Strike          Conj/Tloc      0%         3d8       63%         2
 Scorch                   Fire           0%         2d5       63%         2
 Static Discharge         Conj/Air       0%         3-3/arc   63%         2
 Call Canine Familiar     Summ           0%         N/A       86%         3
 Confusing Touch          Hex            0%         N/A       86%         3
 Frozen Ramparts          Ice            0%         1d1       86%         3
 Fugue of the Fallen      Necr           0%         N/A       86%         3
 Hailstorm                Conj/Ice       0%         3d5       86%         3
 Inner Flame              Hex/Fire       0%         N/A       86%         3
 Mephitic Cloud           Conj/Alch/Air  0%         N/A       86%         3
 Ozocubu's Armour         Ice            0%         N/A       86%         3
 Passwall                 Erth           0%         N/A       86%         3
 Sigil of Binding         Hex            0%         N/A       86%         3
 Stone Arrow              Conj/Erth      0%         3d7       86%         3
 Summon Ice Beast         Ice/Summ       0%         N/A       86%         3
 Swiftness                Air            0%         N/A       86%         3
 Tukima's Dance           Hex            0%         N/A       86%         3
 Vampiric Draining        Necr           0%         2d6       86%         3
 Volatile Blastmotes      Fire/Tloc      0%         2d10      86%         3
 Airstrike                Air            0%         2d(0-16)  99%         4
 Anguish                  Hex/Necr       0%         N/A       99%         4
 Animate Armour           Summ/Erth      0%         N/A       99%         4
 Brom's Barrelling Bould  Conj/Erth      0%         2d3       99%         4
 Cause Fear               Hex            0%         N/A       99%         4
 Dimensional Bullseye     Hex/Tloc       0%         N/A       99%         4
 Dispel Undead            Necr           0%         3d6       99%         4
 Flame Wave               Conj/Fire      0%         2d4       99%         4
 Ignite Poison            Fire/Alch      0%         N/A       99%         4
 Iskenderun's Mystic Bla  Conj/Tloc      0%         2d3       99%         4
 Leda's Liquefaction      Alch/Erth      0%         N/A       99%         4
 Manifold Assault         Tloc           0%         N/A       99%         4
 Martyr's Knell           Necr/Summ      0%         N/A       99%         4
 Olgreb's Toxic Radiance  Alch           0%         N/A       99%         4
 Passage of Golubria      Tloc           0%         N/A       99%         4
 Petrify                  Alch/Erth      0%         N/A       99%         4
 Sticky Flame             Fire/Alch      0%         2d4       99%         4
 Summon Blazeheart Golem  Fire/Summ      0%         N/A       99%         4
 Summon Lightning Spire   Summ/Air       0%         N/A       99%         4
 Borgnjor's Vile Clutch   Necr/Erth      0%         N/A       100%        5
 Freezing Cloud           Conj/Ice/Air   0%         6-21      100%        5
 Irradiate                Conj/Alch      0%         3d11      100%        5
 Iskenderun's Battlesphe  Conj           0%         2d6       100%        5
 Lee's Rapid Deconstruct  Erth           0%         3d4*      100%        5
 Metabolic Englaciation   Hex/Ice        0%         N/A       100%        5
 Silence                  Hex/Air        0%         N/A       100%        5
 Summon Forest            Summ/Tloc      0%         N/A       100%        5
 Yara's Violent Unravell  Hex/Alch       0%         3d3       100%        5
 Bombard                  Conj/Erth      0%         9d1       100%        6
 Conjure Ball Lightning   Conj/Air       0%         3x3d6     100%        6
 Eringya's Noxious Bog    Alch           0%         4d6       100%        6
 Plasma Beam              Fire/Air       0%         2x1d10    100%        6
 Sculpt Simulacrum        Ice/Alch       0%         N/A       100%        6
 Starburst                Conj/Fire      0%         6d3       100%        6
 Summon Cactus Giant      Summ           0%         N/A       100%        6
 Enfeeble                 Hex            0%         N/A       100%        7
 Malign Gateway           Summ/Tloc      0%         N/A       100%        7
 Orb of Destruction       Conj           0%         9d5       100%        7
 Ozocubu's Refrigeration  Ice            0%         4d7       100%        7
 Spellforged Servitor     Conj/Summ      0%         N/A       100%        7
 Summon Hydra             Summ           0%         N/A       100%        7
 Discord                  Hex            0%         N/A       100%        8
 Disjunction              Tloc           0%         N/A       100%        8
 Ignition                 Fire           0%         3d3       100%        8
 Infestation              Necr           0%         N/A       100%        8
 Chain Lightning          Conj/Air       0%         N/A       100%        9
 Fire Storm               Conj/Fire      0%         5d1       100%        9
 Polar Vortex             Ice            0%         N/A       100%        9
 Shatter                  Erth           0%         3d5*      100%        9
 Sublimation of Blood     Necr           Unusable   N/A       N/A         2

Dungeon Overview and Level Annotations

Branches:
Dungeon (15/15)            Temple (1/1) D:4            Lair (5/5) D:10
 Shoals (4/4) Lair:2       Spider (4/4) Lair:3        Slime (5/5) Lair:5
    Orc (2/2) D:12            Elf (2/3) Orc:2        Vaults (5/5) D:14
  Crypt (3/3) Vaults:2       Tomb (1/3) Crypt:3      Depths (4/4) D:15
   Hell (visited)             Dis (0/7) Hell            Geh (3/7) Hell
    Coc (0/7) Hell            Tar (0/7) Hell            Zot (5/5) Depths:4
  IceCv (visited)

Altars:
Ashenzari
Cheibriados
Dithmenos
Elyvilon
Fedhas
Gozag
Hepliaklqana
Kikubaaqudgha
Makhleb
Nemelex Xobeh
Okawaru
Qazlal
Ru
Sif Muna
Trog
Uskayaw
Vehumet
Wu Jian
Xom
Yredelemnul
Zin
The Shining One
Jiyva

Shops:
D:2 !   D:5 !   D:6 !   D:8 =   Orc:1 ::=[(   Orc:2 [[[!   Elf:1 ?=(
Shoals:4 (   Vaults:2 [   Vaults:4 [   Depths:1 *   Depths:4 [

Portals:
Hell: Depths:1 Depths:2 Depths:3 Depths:4
Abyss: Depths:2 Depths:3 Depths:4
Pandemonium: Depths:1 Depths:2
Ziggurat: Depths:3

Annotations:
D:5 1 runed translucent door
Lair:5 exclusion: 3 oklob plants
Orc:1 2 transporters, Khashishi's ghost, journeyman VSBr
Vaults:4 3 runed translucent doors, Cexaud's ghost, adept DjCK


Innate Abilities, Weirdness & Mutations

You are a living statue of rough stone.
Your actions are slow, but your melee attacks are powerful.
You are resistant to unholy torment.
Your maximum health is greatly increased.
Your equipment is partially melded.
You are too large for most types of armour.
You are immune to poison.
You have claws for hands.
Your natural rate of healing is unusually fast.
((You are covered in fur. (AC +1)))
((You have tough skin. (AC +1)))
You are clumsy. (Dex -2)
You are frail. (-10% HP)
Your magical capacity is low. (-10% MP)
You frequently scream uncontrollably at your foes.
You are resistant to electric shocks. (rElec)


Message History

You climb upwards.
There is a stone staircase leading down here.
There is a stone staircase leading up here.
You climb upwards.
There is a stone staircase leading down here.
Okay, then.
You see here a +0 dagger.
You see here a jackal skeleton.
You see here a hobgoblin skeleton.
A green death comes into view.
You block the green death's attack.
BOUMMMMG!
The green death gestures at you. The bolt of poison misses you.
The green death gestures at you.
The bolt of poison hits you but does no damage.
You resist. You block the green death's attack.
BOUMMMMG!
You eviscerate the green death!!!!
You kill the green death!
Qazlal accepts your kill.
You can now call upon nature's wrath in a wide area around you.
An efreet comes into view.
It is wielding a +3 scimitar of flaming.
The efreet gestures at you.
The bolt of fire hits you but does no damage.
The efreet gestures at you. The bolt of fire hits you. You resist.
The efreet gestures at you.
The fireball explodes!
The fireball engulfs you. You resist.
You feel protected from fire. You block the efreet's attack.
GONNNNG!
You eviscerate the efreet!!!!!
You kill the efreet!
Qazlal accepts your kill.
You see here a +3 scimitar of flaming.
Your protection from fire is fading.
You feel less protected from fire.
There is a staircase leading out of the dungeon here.
You have escaped!

..# #.#.#.######## #.# #.# ###
#.#..........# #.# #†#
#######)###.######.# #.####.#
............#### #.# #....#.#
.##............# #.# ####.#.#
.##.###.######.###.# #.#.#
....# #.# #.#...### #.#.#
.#### #.# #..°§...# #.#.#
.######.# ###.#I###.# #.#.#
........# #...### #.# #.#.#
..##########.....###.# #.#.#
#.# #...........# ##.#.# ..#
#####.#.....########....#
.#####....................#..#
..)....#.#.###..#.#######.).##
.#######.#.# ##.#.# ##.## .#
#.#.# #.#.########.#


There were no monsters in sight!

Vanquished Creatures
  the Royal Jelly (Slime:5)
  A dread lich (Zot:4)
  An ancient lich (Depths:2)
  11 orbs of fire
  Vv (Depths:2)
  5 Killer Klowns
  Margery (Vaults:5)
  Geryon (Hell)
  7 golden dragons
  the Enchantress (Depths:3)
  Arachne (Spider:2)
  2 profane servitors
  A pandemonium lord (D:14)
  A bone dragon (Depths:4)
  3 hellephants
  A Tzitzimitl (Zot:4)
  3 electric golems
  Zenata (Crypt:1)
  2 doom hounds (Zot:4)
  Jorgrun (D:14)
  9 tentacled monstrosities
  2 searing wretches (Hell)
  A shard shrike skeleton (Crypt:2)
  5 liches
  3 quicksilver dragons
  28 Orb Guardians
  Grunn (Zot:4)
  A titan (Vaults:5)
  8 death cobs
  24 acid blobs
  An Executioner (D:3)
  2 krakens
  8 sphinxes
  9 shadow dragons
  17 ancient champions
  7 storm dragons
  9 tengu reavers
  9 revenants
  Roxanne (D:15)
  6 protean progenitors
  2 iron dragons
  9 rockslimes
  8 azure jellies
  11 fire giants
  4 draconian monks
  6 frost giants
  13 draconian shifters
  4 emperor scorpions
  2 deep elf sorcerers
  5 balrugs
  19 vault wardens
  5 draconian knights
  7 draconian stormcallers
  4 curse skulls
  5 ghost moths
  9 draconian scorchers
  10 ghouls
  A cacodemon (D:13)
  An angel (D:4)
  23 ironbound preservers
  10 reapers
  2 draconian annihilators
  9 formless jellyfish
  8 spriggan defenders
  9 quicksilver oozes
  5 ironbound thunderhulks
  23 very ugly things
  8 broodmothers
  20 stone giants
  15 vampire knights
  A caustic shrike skeleton (Tomb:1)
  2 eleionomae (Depths:3)
  6 deep elf death magi
  5 deep elf demonologists
  14 green draconians
  11 black draconians
  13 dire elephants
  23 purple draconians
  20 yellow draconians
  12 red draconians
  Azrael (D:13)
  Nessos (D:14)
  6 white draconians
  3 putrid mouths (Zot:4)
  A bunyip (Zot:2)
  17 spark wasps
  4 war gargoyles
  2 deep elf annihilators
  4 bennus (Tomb:1)
  A minotaur (Vaults:4)
  2 crystal guardians
  2 iron golems
  4 eidola
  9 merfolk javelineers
  9 ettins
  2 blizzard demons (Depths:1)
  A green death (D:1)
  23 yaktaur captains
  9 merfolk impalers
  13 jiangshi
  4 mummy priests (Tomb:1)
  Josephine (D:11)
  6 deep elf high priests
  The ghost of Vadun the Basher, a journeyman MiFi of the Shining One (Lair:2)
  An entropy weaver (shapeshifter) (Elf:1)
  5 entropy weavers
  A spriggan zombie (Depths:2)
  12 great orbs of eyes
  9 ice dragons
  8 fire dragons
  Harold (Orc:1)
  4 rakshasas
  19 centaur warriors
  6 peacekeepers
  Erolcha (D:11)
  3 hydras
  32 vault guards
  2 hell beasts (Depths:1)
  8 ironbound frosthearts
  A quicksilver dragon skeleton (Crypt:3)
  3 salamander tyrants
  5 spriggan air magi
  7 boulder beetles
  3 caustic shrike simulacra (IceCv)
  A merfolk aquamancer (Shoals:3)
  A satyr (Depths:3)
  3 spriggan skeletons
  3 radroaches
  A stoker (Geh:2)
  2 death yaks (Lair:2)
  4 merfolk avatars
  4 deep troll shamans
  24 dancing weapons
  An azure jelly zombie (Crypt:3)
  13 two-headed ogres
  A titan zombie (Crypt:3)
  17 vampire magi
  6 death scarabs (Tomb:1)
  3 death knights
  5 demonic crawlers
  Urug (Lair:5)
  12 deep troll earth magi
  9 tengu warriors
  21 hell hogs
  3 occultists (Depths:3)
  16 spriggan berserkers
  5 orc high priests
  7 deep elf knights
  Nergalle (D:11)
  A titan skeleton (Crypt:2)
  12 spriggans
  3 sun demons
  19 hell knights
  5 soul eaters
  A storm dragon zombie (Crypt:1)
  A sixfirhy (D:13)
  19 skeletal warriors
  3 skysharks (shapeshifter)
  6 skysharks
  9 shadow wraiths
  2 shadow demons (Elf:1)
  2 storm dragon skeletons
  14 iron trolls
  A bunyip zombie (Crypt:1)
  12 flayed ghosts
  9 pharaoh ants
  An orb spider (shapeshifter) (Depths:4)
  14 orb spiders
  5 glowing orange brains
  4 spark wasp zombies (Depths:2)
  12 arcanists
  15 sea snakes
  67 deep trolls
  2 orange crystal statues (IceCv)
  2 sun moths
  A spriggan simulacrum (Tomb:1)
  A ghost moth zombie (Crypt:1)
  A mana viper (shapeshifter) (Vaults:4)
  14 ironbound convokers
  A kraken simulacrum (Shoals:4)
  20 lindwurms
  3 deep elf archers
  18 deep elf pyromancers
  3 bunyip skeletons
  Pikel (D:5)
  A harpy (shapeshifter) (D:9)
  14 harpies
  6 orc knights
  2 bog bodies (Crypt:2)
  6 necromancers
  24 phantasmal warriors
  20 wolf spiders
  An alligator zombie (Crypt:1)
  A jorogumo zombie (Crypt:3)
  5 orc sorcerers
  16 deep elf zephyrmancers
  6 steelbarb worms
  A draconian zombie (Tomb:1)
  24 ugly things
  15 manticores
  8 fauns
  11 shining eyes
  A moth of wrath (shapeshifter) (Vaults:5)
  2 cyclopes (shapeshifter)
  A dire elephant zombie (Crypt:2)
  26 moths of wrath
  7 cyclopes
  A shadow dragon skeleton (Crypt:1)
  A centaur zombie (Hell)
  9 meliai
  9 merfolk sirens
  A fire giant skeleton (Crypt:3)
  A goliath frog skeleton (Crypt:1)
  A black mamba (shapeshifter) (Depths:3)
  5 torpor snails
  2 rust devils (D:14)
  22 vault sentinels
  4 water nymphs
  8 black mambas
  5 eyes of devastation
  7 elephants (Lair:5)
  An orange demon (D:4)
  5 smoke demons
  Jeremiah (Lair:1)
  A gargoyle (D:12)
  A large abomination (D:15)
  4 kobold demonologists (Elf:1)
  A dire elephant skeleton (Crypt:2)
  12 cane toads
  4 hellions
  An orb spider zombie (Crypt:3)
  9 freezing wraiths
  36 yaktaurs
  6 molten gargoyles
  A rime drake (Lair:5)
  An efreet (D:1)
  A purple draconian zombie (Crypt:3)
  3 guardian mummies (Tomb:1)
  An ice devil (D:4)
  A minotaur skeleton (Crypt:2)
  8 tengu conjurers
  13 komodo dragons
  A black draconian skeleton (Crypt:2)
  4 golden dragon simulacra (IceCv)
  2 anaconda simulacra (IceCv)
  A red devil (D:12)
  4 trolls
  21 tarantellas
  4 polar bears
  A queen bee (shapeshifter) (D:9)
  8 glass eyes
  4 wind drakes
  13 hornets
  19 merfolk
  2 harpy skeletons
  2 alligator simulacra (IceCv)
  Grinder (D:5)
  7 dream sheep
  A blink frog (shapeshifter) (Vaults:5)
  A fire dragon zombie (Crypt:2)
  9 blink frogs
  22 culicivoras
  5 snapping turtles
  96 slime creatures
  18 water elementals
  36 jumping spiders
  2 air elementals
  A centaur simulacrum (Crypt:3)
  2 dire elephant simulacra
  Eustachio (D:5)
  10 wraiths
  2 vampires (Crypt:3)
  12 basilisks
  2 ushabtiu (Tomb:1)
  2 wyverns
  23 yaks
  5 fire elementals
  9 humans
  2 golden eyes
  29 redbacks
  14 vampire mosquitoes
  2 steam dragons
  A two-headed ogre zombie (Crypt:3)
  A harpy simulacrum (Crypt:3)
  5 hell hounds
  2 hydra simulacra (IceCv)
  A fire bat skeleton (Crypt:3)
  9 water moccasins
  A demonspawn skeleton (Crypt:2)
  28 orc warriors
  A sky beast (D:5)
  3 black bears
  3 ettin simulacra (IceCv)
  An ice beast (D:6)
  5 boggarts
  14 laughing skulls
  7 ogres
  A swamp dragon skeleton (Crypt:1)
  9 wolves
  16 centaurs
  A weeping skull (D:7)
  2 phantoms
  A kobold brigand (D:11)
  Blork the orc (D:5)
  An elf zombie (Crypt:2)
  4 lemures (D:5)
  A yaktaur zombie (Crypt:1)
  6 earth elementals
  A necrophage (Crypt:2)
  10 bullfrogs
  2 gnoll sergeants
  A salamander skeleton (Crypt:1)
  9 scorpions
  An elf skeleton (Crypt:3)
  4 wights (D:7)
  33 killer bees
  A raiju skeleton (Crypt:2)
  7 electric eels
  9 howler monkeys
  3 bombardier beetles
  5 lava snakes (Lair:5)
  3 jellies (Lair:5)
  30 orc priests
  Crazy Yiuf (D:4)
  3 gnoll boudas
  5 hounds
  10 iguanas
  3 sleepcaps
  A basilisk skeleton (Crypt:1)
  A black bear zombie (Crypt:2)
  15 hell rats
  24 orc wizards
  An ogre zombie (Crypt:1)
  A mummy (Tomb:1)
  23 gnolls
  9 adders
  A shadow imp (D:6)
  3 white imps (D:6)
  A ribbon worm zombie (Crypt:1)
  3 ufetubi
  A dart slug (D:3)
  7 ribbon worms
  110 orcs
  A bat skeleton (Crypt:1)
  11 endoplasms
  14 giant cockroaches
  A giant cockroach (shapeshifter) (Depths:3)
  7 hobgoblins
  4 jackals
  4 quokkas
  8 ball pythons
  8 bats
  4 frilled lizards
  4 goblins
  17 kobolds
  3 rats
  A spectral kobold (D:3)
  A spectral orc (D:7)
  3 aspiring fleshes
  10 tentacles
2639 creatures vanquished.

Vanquished Creatures (collateral kills)
  A titan (Vaults:5)
  Frances (Lair:3)
  Louise (Spider:4)
  A balrug (Geh:1)
  A stone giant (Vaults:5)
  A black draconian (Zot:2)
  A merfolk impaler (Shoals:4)
  2 vault guards (Vaults:5)
  A spriggan zombie (Hell)
  2 ogre magi (D:15)
  A merfolk aquamancer (Shoals:4)
  4 two-headed ogres (D:15)
  A hell knight (Hell)
  A shadow demon (Elf:1)
  A phantasmal warrior (Vaults:5)
  A harpy (Lair:2)
  An ironbound convoker (Vaults:5)
  A smoke demon (Hell)
  2 hellions
  An efreet (D:15)
  8 dream sheep (Lair:5)
  4 ogres (D:15)
  A mummy (Tomb:1)
39 creatures vanquished.

Vanquished Creatures (others)
  A fire giant (Hell)
  A draconian knight (Zot:3)
  A yellow draconian (Depths:4)
  2 deep elf knights (Elf:2)
  A hell rat (Hell)
  2 creeping infernos (Geh:1)
  16 tentacles
24 creatures vanquished.

Grand Total: 2702 creatures vanquished

Notes
Turn   | Place    | Note
-------+----------+-------------------------------------------
     0 | D:1      | anacleto the Troll Shapeshifter began the quest for the
                  | Orb.
     0 | D:1      | Reached XP level 1. HP: 18/18 MP: 0/0
   114 | D:1      | Reached skill level 1 in Fighting
   183 | D:1      | Reached XP level 2. HP: 27/27 MP: 1/1
   828 | D:2      | Reached XP level 3. HP: 33/33 MP: 2/2
   919 | D:2      | Found a snail-covered altar of Cheibriados.
  1037 | D:2      | Found the +3 warlock's mirror {omnireflect}
  1053 | D:2      | Found Paiqev's Distillery.
  1058 | D:2      | Bought a potion of curing for 39 gold pieces
  1190 | D:2      | Reached skill level 1 in Invocations
  1266 | D:2      | Reached skill level 1 in Throwing
  1266 | D:2      | Reached XP level 4. HP: 41/41 MP: 3/3
  1647 | D:3      | Reached XP level 5. HP: 19/49 MP: 4/4
  1783 | D:3      | Noticed a centaur
  1796 | D:3      | Killed a centaur
  1889 | D:3      | Found a faded altar of an unknown god.
  2090 | D:3      | Found a hazy altar of Hepliaklqana.
  2207 | D:3      | Found a white marble altar of Elyvilon.
  2208 | D:3      | Found a glowing golden altar of the Shining One.
  2208 | D:3      | Found a glowing silver altar of Zin.
  2462 | D:4      | Reached XP level 6. HP: 52/57 MP: 6/6
  2564 | D:4      | Reached skill level 4 in Shapeshifting
  2633 | D:4      | Found an opulent altar of Gozag.
  2888 | D:4      | Found a staircase to the Ecumenical Temple.
  2899 | Temple   | Entered the Ecumenical Temple
  2927 | Temple   | Became a worshipper of Qazlal Stormbringer
  3265 | D:4      | Reached XP level 7. HP: 55/66 MP: 7/7
  3345 | D:4      | Found a shimmering blue altar of Sif Muna.
  3497 | D:4      | Found a runed translucent door.
  3498 | D:4      | Noticed Crazy Yiuf
  3722 | D:5      | Entered Level 5 of the Dungeon
  3950 | D:5      | Found Jyut's Distillery.
  3964 | D:5      | Noticed Grinder
  3977 | D:5      | Killed Grinder
  3978 | D:5      | Reached skill level 5 in Unarmed Combat
  3981 | D:5      | Bought a potion of haste for 100 gold pieces
  4066 | D:5      | Found a hide-covered altar of Uskayaw.
  4089 | D:5      | Reached XP level 8. HP: 67/75 MP: 8/8
  4097 | D:5      | Reached * piety under Qazlal
  4228 | D:5      | Noticed Blork the orc
  4234 | D:5      | Killed Blork the orc
  4235 | D:5      | Reached skill level 5 in Shapeshifting
  4252 | D:5      | Noticed Pikel
  4301 | D:5      | Killed Pikel
  4397 | D:5      | Found a runed translucent door.
  4399 | D:5      | Found a runed translucent door.
  4450 | D:5      | Noticed Eustachio
  4468 | D:5      | Killed Eustachio
  4490 | D:5      | Found a blossoming altar of Fedhas.
  4744 | D:6      | Found Niedd's Distillery.
  4752 | D:6      | Bought 2 potions of curing for 72 gold pieces
  4752 | D:6      | Bought a potion of lignification for 36 gold pieces
  4794 | D:6      | Found a bloodstained altar of Trog.
  4922 | D:6      | Reached XP level 9. HP: 85/85 MP: 10/10
  5313 | D:6      | Reached skill level 6 in Shapeshifting
  5654 | D:7      | Reached skill level 5 in Fighting
  6094 | D:7      | Found a basalt altar of Yredelemnul.
  6470 | D:8      | Reached ** piety under Qazlal
  6751 | D:8      | Reached skill level 7 in Shapeshifting
  6911 | D:8      | Found Jaypos's Jewellery Shop.
  7335 | D:8      | Reached XP level 10. HP: 96/96 MP: 12/12
  7339 | D:8      | Noticed a two-headed ogre
  7399 | D:8      | Killed a two-headed ogre
  7400 | D:8      | Reached skill level 8 in Shapeshifting
  7743 | D:9      | Noticed a two-headed ogre
  7768 | D:9      | Killed a two-headed ogre
  7769 | D:9      | Reached skill level 9 in Shapeshifting
  7841 | D:9      | Found a shadowy altar of Dithmenos.
  8039 | D:9      | Found a sparkling altar of Nemelex Xobeh.
  8285 | D:9      | Noticed a boulder beetle
  8292 | D:9      | Reached skill level 10 in Shapeshifting
  8293 | D:9      | Noticed a cyclops
  8293 | D:9      | Noticed a cyan ugly thing
  8358 | D:9      | Noticed a centaur warrior
  8366 | D:9      | Killed a cyan ugly thing
  8379 | D:9      | Killed a cyclops
  8380 | D:9      | Noticed a centaur warrior
  8384 | D:9      | Noticed an entropy weaver
  8384 | D:9      | Noticed a tengu warrior
  8391 | D:10     | Entered Level 10 of the Dungeon
  8480 | D:10     | Reached skill level 11 in Shapeshifting
  8634 | D:9      | Noticed a harpy
  8648 | D:9      | Killed a harpy
  8649 | D:9      | Reached XP level 11. HP: 101/104 MP: 13/13
  8656 | D:9      | Killed a boulder beetle
  8663 | D:9      | Killed a centaur warrior
  8666 | D:9      | Killed a centaur warrior
  8667 | D:9      | Reached skill level 12 in Shapeshifting
  8728 | D:9      | an entropy weaver changed into a black bear
  8728 | D:9      | Noticed a two-headed ogre
  8739 | D:9      | Killed a two-headed ogre
  8984 | D:10     | Noticed a two-headed ogre
  8993 | D:10     | Killed a two-headed ogre
  9037 | D:10     | Found a staircase to the Lair.
  9086 | D:10     | Reached *** piety under Qazlal
  9092 | D:10     | Reached skill level 13 in Shapeshifting
  9694 | D:9      | Noticed a deep elf pyromancer
  9709 | D:9      | Killed a deep elf pyromancer
  9744 | D:8      | Noticed a two-headed ogre
  9752 | D:8      | Killed a two-headed ogre
  9806 | D:8      | Bought an amulet of reflection for 360 gold pieces
 10003 | D:11     | Noticed Josephine
 10044 | D:11     | Reached skill level 14 in Shapeshifting
 10084 | D:11     | Killed Josephine
 10085 | D:11     | Reached XP level 12. HP: 48/105 MP: 14/14
 10450 | D:11     | Reached **** piety under Qazlal
 10486 | D:11     | Noticed Nergalle
 10499 | D:11     | Killed Nergalle
 10869 | D:11     | Noticed Erolcha
 10874 | D:11     | Killed Erolcha
 10875 | D:11     | Reached skill level 15 in Shapeshifting
 10960 | D:12     | You fall into a shaft and drop 1 floor!
 11134 | D:13     | Noticed a tengu warrior
 11234 | D:12     | Reached skill level 5 in Invocations
 11323 | D:12     | Noticed a boulder beetle
 11342 | D:12     | Killed a boulder beetle
 11573 | D:12     | Noticed a two-headed ogre
 11580 | D:12     | Killed a two-headed ogre
 11897 | D:12     | Found a staircase to the Orcish Mines.
 12020 | Orc:1    | Entered Level 1 of the Orcish Mines
 12024 | Orc:1    | Noticed Harold
 12042 | Orc:1    | Killed Harold
 12068 | Orc:1    | Reached ***** piety under Qazlal
 12069 | Orc:1    | Found Heesm's Book Emporium.
 12166 | Orc:1    | Found a transporter.
 12170 | Orc:1    | Noticed Khashishi's ghost (journeyman VSBr)
 12408 | Orc:1    | Found Kugot's Book Emporium.
 12422 | Orc:1    | Found Ijalusk's Jewellery Emporium.
 12643 | Orc:1    | Found a transporter.
 12719 | Orc:2    | Entered Level 2 of the Orcish Mines
 12998 | Orc:2    | Found a staircase to the Elven Halls.
 13056 | Orc:1    | Found Cupluth's Weapon Shoppe.
 13198 | Orc:1    | Found Dugupyap's Armour Boutique.
 13250 | Orc:1    | Bought +0 fire dragon scales for 840 gold pieces
 13632 | Orc:2    | Noticed a two-headed ogre
 13671 | Orc:2    | Killed a two-headed ogre
 13672 | Orc:2    | Reached XP level 13. HP: 120/120 MP: 17/17
 13735 | Orc:2    | Reached ****** piety under Qazlal
 13760 | Orc:2    | Gained mutation: You are resistant to electric shocks.
                  | (rElec) [a neqoxec]
 13992 | Orc:2    | Reached skill level 5 in Throwing
 14044 | Orc:2    | Paralysed by an orc sorcerer for 2 turns
 14231 | Orc:2    | Found Cybbugy's Distillery.
 14231 | Orc:2    | Found Soenukao's Antique Armour Boutique.
 14233 | Orc:2    | Found Riakuydgh's Antique Armour Emporium.
 14233 | Orc:2    | Found Kugenap's Antique Armour Boutique.
 14240 | Orc:2    | Bought a potion of might for 52 gold pieces
 14240 | Orc:2    | Bought a potion of might for 52 gold pieces
 14691 | D:13     | Noticed Azrael
 14696 | D:13     | Killed Azrael
 15204 | D:14     | Reached skill level 5 in Dodging
 15331 | D:14     | Found a gate to the Vaults.
 15430 | D:14     | Noticed Jorgrun
 15437 | D:14     | Killed Jorgrun
 15470 | D:14     | Noticed Nessos
 15479 | D:14     | Killed Nessos
 15745 | D:14     | Reached skill level 16 in Shapeshifting
 16005 | D:15     | Entered Level 15 of the Dungeon
 16024 | D:14     | Reached XP level 14. HP: 126/133 MP: 19/19
 16219 | Lair:1   | Entered Level 1 of the Lair of Beasts
 16240 | Lair:1   | Noticed Jeremiah
 16557 | Lair:1   | Killed Jeremiah
 17588 | Lair:2   | Found a staircase to the Shoals.
 17768 | Lair:2   | Found a runed translucent door.
 17845 | Lair:2   | Noticed Vadun's ghost (journeyman MiFi)
 18017 | Lair:3   | Reached skill level 10 in Unarmed Combat
 18088 | Lair:3   | Found a hole to the Spider Nest.
 18435 | Lair:2   | Killed Vadun's ghost
 19772 | Lair:4   | Identified 2 scrolls of acquirement
 19773 | Lair:4   | Acquired a manual of Throwing
 19775 | Lair:4   | Acquired a manual of Fighting
 19827 | Lair:4   | Found a hide-covered altar of Uskayaw.
 19827 | Lair:4   | Found an ornate altar of the Wu Jian Council.
 20638 | Lair:5   | Entered Level 5 of the Lair of Beasts
 20715 | Lair:5   | Noticed Urug
 20717 | Lair:5   | Paralysed by Urug for 3 turns
 20750 | Lair:5   | Killed Urug
 21065 | Lair:5   | Reached XP level 15. HP: 146/146 MP: 20/20
 21067 | Lair:5   | Found a staircase to the Slime Pits.
 21067 | Lair:5   | Found a viscous altar of Jiyva.
 21815 | Lair:5   | Found a large runed translucent door.
 21934 | Lair:5   | Found a large runed translucent door.
 22854 | D:15     | Reached skill level 10 in Fighting
 22924 | D:15     | Reached skill level 17 in Shapeshifting
 23271 | D:15     | Noticed Roxanne
 23293 | D:15     | Killed Roxanne
 23442 | D:15     | Found a staircase to the Depths.
 23587 | D:15     | Reached skill level 1 in Shields
 23880 | Spider:1 | Entered Level 1 of the Spider Nest
 23880 | Spider:1 | Noticed Frances
 24280 | Orc:2    | Bought a potion of curing for 39 gold pieces
 24280 | Orc:2    | Bought a potion of curing for 39 gold pieces
 24280 | Orc:2    | Bought a potion of attraction for 39 gold pieces
 24512 | D:6      | Bought a potion of curing for 36 gold pieces
 24512 | D:6      | Bought a potion of curing for 36 gold pieces
 24512 | D:6      | Bought a potion of attraction for 36 gold pieces
 24512 | D:6      | Bought a potion of curing for 36 gold pieces
 24620 | D:2      | Bought a potion of attraction for 39 gold pieces
 24620 | D:2      | Bought a potion of heal wounds for 65 gold pieces
 24620 | D:2      | Bought a potion of attraction for 39 gold pieces
 24620 | D:2      | Bought a potion of invisibility for 104 gold pieces
 24620 | D:2      | Bought a potion of haste for 130 gold pieces
 25080 | Depths:1 | Entered Level 1 of the Depths
 25372 | Shoals:1 | Entered Level 1 of the Shoals
 25687 | Shoals:1 | Got Omocki's Essays on Flashy Ectoplasm
 26081 | Shoals:2 | Reached XP level 16. HP: 75/162 MP: 22/22
 26415 | Shoals:2 | Noticed a kraken
 26539 | Shoals:2 | Killed a kraken
 26626 | Shoals:2 | Found a flickering gateway to a bazaar.
 26650 | Bazaar   | Entered a bazaar
 26650 | Bazaar   | Found Fitazapn's Jewellery Shoppe.
 26655 | Bazaar   | Found Qaki's Armour Shoppe.
 26675 | Bazaar   | Found Fumoric's Magic Scroll Shop.
 26685 | Bazaar   | Found Terphid's Book Shop.
 26690 | Bazaar   | Found Afineboj's Jewellery Shoppe.
 26716 | Bazaar   | Bought a scroll of teleportation for 21 gold pieces
 26716 | Bazaar   | Bought a scroll of fear for 28 gold pieces
 26716 | Bazaar   | Bought a scroll of silence for 66 gold pieces
 26716 | Bazaar   | Bought a scroll of enchant armour for 52 gold pieces
 26716 | Bazaar   | Bought a scroll of identify for 14 gold pieces
 26765 | Shoals:2 | Reached skill level 10 in Throwing
 26765 | Shoals:2 | Reached skill level 5 in Shields
 26984 | Shoals:2 | Identified the +1 robe of Nangior {Harm Str+3 Slay-2}
 27941 | Shoals:3 | Noticed a kraken
 27951 | Shoals:3 | Killed a kraken
 28205 | Shoals:4 | Entered Level 4 of the Shoals
 28973 | Shoals:4 | Identified the +0 chain mail of Makhleb's Wrath {Will+}
 29011 | Shoals:4 | Identified the +10 plate armour of Gravity {*Slow rC+ Will+
                  | Dex+3}
 29109 | Shoals:4 | Found Emaekk's Weapon Boutique.
 29172 | Shoals:4 | Got a barnacled rune of Zot
 29691 | Elf:1    | Entered Level 1 of the Elven Halls
 29840 | Elf:1    | Paralysed by an air elemental for 1 turns
 30019 | Elf:1    | Found Fotz's Weapon Shop.
 30035 | Elf:1    | Reached XP level 17. HP: 178/178 MP: 23/23
 30087 | Elf:1    | Paralysed by an air elemental for 1 turns
 30091 | Elf:1    | Paralysed by an air elemental for 1 turns
 30173 | Elf:1    | Noticed an Ice Fiend
 30182 | Elf:1    | Identified the amulet "Ighureuf" {RegenMP rCorr Int+3}
 30338 | Elf:1    | Found a shimmering blue altar of Sif Muna.
 30579 | Elf:1    | Found Taob Pacirr's Magic Scroll Emporium.
 30586 | Elf:1    | Found Cuppageo's Jewellery Shoppe.
 30588 | Elf:1    | Bought a scroll of teleportation for 48 gold pieces
 30822 | Elf:1    | Identified the amulet "Peshrume" {Reflect Regen+ SH+5}
 31321 | Lair:3   | Killed Frances
 31363 | Lair:3   | Reached skill level 10 in Shields
 32370 | Spider:2 | Noticed Arachne
 32378 | Spider:2 | Killed Arachne
 32384 | Spider:2 | Found a glacial archway.
 32392 | IceCv    | Entered an ice cave
 33447 | Spider:3 | Reached XP level 18. HP: 191/191 MP: 24/24
 33652 | Spider:4 | Entered Level 4 of the Spider Nest
 34093 | Spider:4 | Noticed Louise
 34371 | Spider:4 | Killed Louise
 34575 | Spider:4 | Reached skill level 18 in Shapeshifting
 35071 | Spider:4 | Got a gossamer rune of Zot
 35536 | Vaults:1 | Entered Level 1 of the Vaults
 35956 | Vaults:1 | Reached skill level 15 in Fighting
 35956 | Vaults:1 | Reached skill level 10 in Invocations
 36227 | Vaults:1 | Reached XP level 19. HP: 201/201 MP: 25/25
 36655 | Vaults:1 | Identified the staff "Orb Guardian's Peril" {^Drain rPois
                  | Dex+2 Earth Alchemy}
 37477 | Vaults:2 | Reached skill level 19 in Shapeshifting
 37544 | Vaults:2 | Found Sadump's Antique Armour Shoppe.
 38626 | Vaults:2 | Found a staircase to the Crypt.
 39442 | Vaults:3 | Reached XP level 20. HP: 211/211 MP: 26/26
 40620 | Vaults:4 | Reached skill level 15 in Shields
 41161 | Vaults:4 | Paralysed by a sphinx for 5 turns
 41413 | Vaults:4 | Reached skill level 20 in Shapeshifting
 41534 | Vaults:4 | Found Bit Icawn's Armour Shoppe.
 41653 | Vaults:4 | Found a runed translucent gate.
 41653 | Vaults:4 | Found a runed translucent gate.
 41653 | Vaults:4 | Found a runed translucent gate.
 41654 | Vaults:4 | Identified the +2 quick blade "Plog" {freeze, rElec rCorr
                  | Str+3}
 41655 | Vaults:4 | Noticed Cexaud's ghost (adept DjCK)
 42053 | Vaults:4 | Found an iron altar of Okawaru.
 42429 | Elf:2    | Paralysed by an air elemental for 1 turns
 42762 | Elf:2    | Got the Parchment of Displacement
 42954 | Elf:2    | Found a runed translucent gate.
 42954 | Elf:2    | Found a runed translucent gate.
 42954 | Elf:2    | Found a runed translucent gate.
 43540 | Elf:2    | Reached XP level 21. HP: 222/222 MP: 27/27
 44239 | Slime:1  | Entered Level 1 of the Pits of Slime
 44678 | Depths:1 | Found a gateway to Hell.
 44782 | Depths:1 | Found Geadghu's Mayhem Merchandise.
 44984 | Depths:1 | Found a one-way gate leading to the halls of Pandemonium.
 45087 | Depths:1 | Identified the +0 robe of the Storm King {rF+}
 45169 | Depths:1 | Found a shimmering blue altar of Sif Muna.
 45618 | Vaults:5 | Entered Level 5 of the Vaults
 45703 | Vaults:5 | Reached skill level 21 in Shapeshifting
 45728 | Vaults:5 | Reached skill level 15 in Unarmed Combat
 45761 | Vaults:5 | Identified the +7 falchion of a Billion Wars {flame, rElec
                  | Str-3 Dex+3 SInv}
 45979 | Vaults:5 | Found the +18 shield of the Gong {Loud rN+ Will+ rCorr
                  | EV-5}
 45989 | Vaults:5 | Got Gell's Volume of Translocation
 46006 | Vaults:5 | Noticed Margery
 46017 | Vaults:5 | Killed Margery
 46025 | Vaults:5 | Reached XP level 22. HP: 127/235 MP: 26/28
 46448 | Vaults:5 | Noticed a golden dragon
 46453 | Vaults:5 | Paralysed by a sphinx for 5 turns
 46733 | Vaults:5 | Killed a golden dragon
 46899 | Vaults:5 | Identified the +0 leather armour "Tymn" {rPois}
 47131 | Vaults:5 | Got Ruabb's Directory of Anemomancy and the Blizzard
 47874 | Vaults:5 | Got a silver rune of Zot
 48128 | D:14     | Upgraded the game from 0.32-a0-128-g77eb882913 to
                  | 0.32-a0-131-g9dbbe29261
 49016 | Depths:2 | Noticed Vv
 49466 | Depths:2 | Noticed an ancient lich
 49472 | Depths:2 | Killed an ancient lich
 49581 | Depths:2 | Identified the +1 swamp dragon scales of the Onion {^Contam
                  | rPois rC++ Regen+ Dex+3}
 49677 | Depths:2 | Killed Vv
 50013 | Depths:1 | Reached skill level 22 in Shapeshifting
 50269 | Depths:2 | Reached XP level 23. HP: 247/247 MP: 29/29
 50577 | Depths:2 | Found a one-way gate to the infinite horrors of the Abyss.
 51489 | Depths:3 | Identified the +6 giant club of Dominance {flame, Str+3
                  | Dex+5}
 51489 | Depths:3 | Identified the +1 giant club "Muwaus" {vamp, rCorr}
 51619 | Depths:3 | Found a one-way gateway to a ziggurat.
 51665 | Depths:3 | Found a flickering gateway to a bazaar.
 51671 | Bazaar   | Entered a bazaar
 51671 | Bazaar   | Found Petebleh's Book Shoppe.
 51671 | Bazaar   | Found Xilasuc's Antique Armour Emporium.
 51674 | Bazaar   | Found Iguebboc's Assorted Antiques.
 51684 | Bazaar   | Bought 2 scrolls of teleportation for 126 gold pieces
 51684 | Bazaar   | Bought a scroll of immolation for 84 gold pieces
 51684 | Bazaar   | Bought a potion of cancellation for 168 gold pieces
 51690 | Bazaar   | Found Xodont's Distillery.
 51698 | Bazaar   | Bought a potion of resistance for 90 gold pieces
 51698 | Bazaar   | Bought a potion of heal wounds for 45 gold pieces
 51698 | Bazaar   | Bought 2 potions of heal wounds for 90 gold pieces
 51698 | Bazaar   | Bought a potion of curing for 27 gold pieces
 51698 | Bazaar   | Bought a potion of attraction for 27 gold pieces
 51698 | Bazaar   | Bought a potion of mutation for 72 gold pieces
 51798 | Depths:4 | Entered Level 4 of the Depths
 52070 | Depths:3 | Identified the +8 war axe of Inquiry {flame, Dex+2}
 52150 | Depths:3 | Found a white marble altar of Elyvilon.
 52210 | Depths:3 | Identified the +3 sling of the Shimmering Gods {elec, Int+3
                  | Dex+4}
 52210 | Depths:3 | Identified the ring "Camig" {MP+9 Str+2}
 52380 | Depths:3 | Acquired the -2 hat of the Alchemist {rElec rPois rF+ rC+
                  | rN+ Will+ rMut rCorr}
 52380 | Depths:3 | Found the -2 hat of the Alchemist {rElec rPois rF+ rC+ rN+
                  | Will+ rMut rCorr}
 52638 | Depths:3 | Noticed the Enchantress
 52644 | Depths:3 | Killed the Enchantress
 52675 | Depths:3 | Got the Vademecum on Fog
 52678 | Depths:3 | Identified the +5 dire flail of Wyrd {flame, Int+4}
 52679 | Depths:3 | Identified the staff "Qocryir" {rElec Ice Air}
 53486 | Depths:4 | Found a gate to the Realm of Zot.
 53596 | Depths:4 | Found Xanaxkui's Armour Emporium.
 53983 | Depths:4 | Acquired 1345 gold pieces
 53985 | Depths:4 | Acquired the +1 tower shield "Onnithoe" {Dex+2}
 54183 | Hell     | Entered the Vestibule of Hell
 54183 | Hell     | Noticed Geryon
 54408 | Depths:1 | Reached XP level 24. HP: 260/260 MP: 29/29
 54807 | Hell     | Killed Geryon
 54831 | Hell     | Found a gateway to the freezing wastes of Cocytus.
 54895 | Hell     | Found a gateway to the decaying netherworld of Tartarus.
 55012 | Hell     | Reached skill level 23 in Shapeshifting
 55018 | Hell     | Found a gateway to the Iron City of Dis.
 55151 | Hell     | Found a gateway to the ashen valley of Gehenna.
 55663 | Slime:2  | Gained mutation: You have hidden genetic defects. [a
                  | shining eye]
 57366 | Slime:5  | Entered Level 5 of the Pits of Slime
 57395 | Slime:5  | Gained mutation: You occasionally shout uncontrollably at
                  | your foes. [hidden defects]
 57494 | Slime:5  | Noticed the Royal Jelly
 57571 | Slime:5  | Gained mutation: Armour fits poorly on your strangely
                  | shaped body. [a shining eye]
 57579 | Slime:5  | Killed the Royal Jelly
 57814 | Slime:5  | Lost mutation: You have hidden genetic defects. [a shining
                  | eye]
 58155 | Slime:5  | Identified the staff "Xiupa" {rElec Int+2 Air}
 58159 | Slime:5  | Got a slimy rune of Zot
 58176 | Slime:5  | Identified the +9 war axe of the Wary Prophets {antimagic,
                  | Dex+2}
 58536 | Slime:5  | Acquired 776 gold pieces
 59027 | Zot:1    | Entered Level 1 of the Realm of Zot
 59992 | Crypt:1  | Entered Level 1 of the Crypt
 60185 | Crypt:1  | Noticed Zenata
 60199 | Crypt:1  | HP: 14/340 [+2 dire flail of protection[Zenata] (7)]
 60404 | Crypt:1  | Reached XP level 25. HP: 273/273 MP: 29/29
 60452 | Crypt:1  | Killed Zenata
 62985 | Crypt:3  | Entered Level 3 of the Crypt
 63209 | Crypt:3  | Found a staircase to the Tomb.
 63872 | Crypt:3  | Reached skill level 24 in Shapeshifting
 65169 | Crypt:3  | Found an ancient bone altar of Kikubaaqudgha.
 65177 | Crypt:3  | Found a basalt altar of Yredelemnul.
 65205 | Crypt:3  | Found the +2 Maxwell's thermic engine {flame, freeze, rev}
 65221 | Crypt:3  | Got the Secrets of Rot
 65256 | Crypt:3  | Identified the ring of Soun {rN+ Str+6 Dex+4 SInv}
 65265 | Crypt:3  | Identified the +7 orcbow of Xunajyn {speed, *Corrode rN+
                  | Str+3}
 65269 | Crypt:3  | Identified the +1 robe "Iteeczy" {Harm Str+2 Int-4 Stlth+}
 67430 | Zot:2    | Reached XP level 26. HP: 284/284 MP: 29/29
 68376 | Zot:2    | Reached skill level 10 in Dodging
 69898 | Elf:1    | Bought a scroll of revelation for 120 gold pieces
 69898 | Elf:1    | Bought a scroll of revelation for 120 gold pieces
 70183 | Geh:1    | Entered Level 1 of Gehenna
 71820 | Geh:3    | Lost intelligence.
 78970 | Tomb:1   | Entered Level 1 of the Tomb of the Ancients
 81207 | Zot:4    | Reached skill level 25 in Shapeshifting
 81617 | Zot:4    | Noticed Grunn
 81643 | Zot:4    | Killed Grunn
 82349 | Zot:4    | Reached XP level 27. HP: 293/296 MP: 29/29
 82504 | Zot:4    | Noticed an orb of fire
 82517 | Zot:4    | Killed an orb of fire
 82770 | Zot:5    | Entered Level 5 of the Realm of Zot
 83149 | Zot:5    | Noticed an orb of fire
 83161 | Zot:5    | Killed an orb of fire
 83383 | Zot:5    | Noticed an orb of fire
 83384 | Zot:5    | Gained mutation: You are clumsy. (Dex -2) [an orb of fire]
 83397 | Zot:5    | Killed an orb of fire
 83539 | Zot:5    | Noticed an orb of fire
 83547 | Zot:5    | Gained mutation: You are frail. (-10% HP) [an orb of fire]
 83551 | Zot:5    | Lost mutation: Armour fits poorly on your strangely shaped
                  | body. [an orb of fire]
 83557 | Zot:5    | Gained mutation: You frequently scream uncontrollably at
                  | your foes. [an orb of fire]
 83558 | Zot:5    | Killed an orb of fire
 83651 | Zot:5    | Noticed an orb of fire
 83660 | Zot:5    | Noticed an orb of fire
 83668 | Zot:4    | Killed an orb of fire
 83767 | Zot:5    | Noticed an orb of fire
 83768 | Zot:5    | Noticed an orb of fire
 83769 | Zot:5    | Noticed a dread lich
 83772 | Zot:5    | Noticed an orb of fire
 83777 | Zot:5    | Gained mutation: Your magical capacity is low. (-10% MP)
                  | [an orb of fire]
 83862 | Zot:4    | Killed an orb of fire
 83900 | Zot:4    | Killed an orb of fire
 83905 | Zot:4    | HP: 5/347 [orb of fire/fireball (20)]
 84227 | Zot:4    | Killed an orb of fire
 85279 | Zot:4    | Killed a dread lich
 85394 | Zot:4    | Killed an orb of fire
 85552 | Zot:5    | Noticed an orb of fire
 85564 | Zot:5    | Killed an orb of fire
 85605 | Zot:5    | Noticed an orb of fire
 85616 | Zot:5    | Killed an orb of fire
 86810 | Zot:5    | Got the Orb of Zot
 87064 | D:15     | Noticed Abbeomirph the pandemonium lord
 87074 | D:14     | Killed Abbeomirph the pandemonium lord
 87442 | D:4      | Killed Crazy Yiuf
 87557 | D:$      | Escaped with the Orb!

Illustrated notes

Levels and vault maps discovered:
D:1:      saegor_arrival_simple_a, layout_loops_ring
D:2:      layout_loops_ring, serial_shops,
          nicolae_shop_competitors_out_of_business, basic_altar,
          kennysheep_cluttered_room
D:3:      layout_basic, dreamdust_divine_triumvirate,
          nicolae_hepliaklqana_monster_ancestors,
          ebering_ecumenical_altar_petrified, kennysheep_generic_room_13
D:4:      layout_basic, mainiacjoe_overflow_tiny_flanked,
          mainiacjoe_overflow_paths, minmay_temple_entry_junction,
          uniq_crazy_yiuf_cottage
D:5:      lemuel_insect_pit, layout_rooms, mainiacjoe_overflow_large_starburst,
          serial_shops, nicolae_shop_window_shopping, corexii_checkpoint,
          uniq_grinder, uniq_eustachio, uniq_blork_the_orc, uniq_pikel
D:6:      layout_gridville, mainiacjoe_overflow_small_starburst, serial_shops,
          nicolae_shop_waterfront, grunt_tough_drop
D:7:      statuecave_lemuel, layout_basic, yredelemnul_forgotten_temple_becter
D:8:      layout_basic, serial_shops, nicolae_shop_pleasant_corner_grove,
          nicolae_phantomly_mirrored
D:9:      layout_basic, nicolae_dithmenos_through_a_glass_darkly,
          nemelex_xobeh_ov_fountains_minmay, serial_bayou_lagoon_a, minivault_28
D:10:     layout_loops_corners, erik_lair_island
D:11:     layout_grid_maze, uniq_josephine, uniq_erolcha, uniq_nergalle
D:12:     layout_loops_ring, erik_orc_2, chequers_serial_rivers_micro_c
D:13:     layout_small_grid, uniq_azrael
D:14:     layout_rooms, ximxim_vaults_locker_room, nicolae_two_hexagons,
          uniq_nessos, uniq_jorgrun
D:15:     hangedman_depths_entry_civil_slaughter, layout_rooms,
          nrook_pool_corridor, minmay_misc_feat_diagonals,
          minmay_misc_feat_tower, uniq_roxanne
Temple:   chequers_temple_sunken
Lair:1:   layout_gridlike, uniq_jeremiah
Lair:2:   layout_big_grid, nicolae_shoals_entry_roost,
          ebering_ghost_reflecting_pool
Lair:3:   wad_woods_minihive, layout_chaotic_city,
          nicolae_spider_entry_non_spiders
Lair:4:   layout_concentric_octagons, nzn_masters_of_martial_movement,
          infiniplex_staircase_pool_2
Lair:5:   cheibrodos_lair_end_hotspot, layout_regular_city,
          nicolae_slime_entry_slimehenge, disabler_island, uniq_urug
Shoals:1: layout_shoals
Shoals:2: layout_shoals, serial_shops, bzr_entry_gold,
          nicolae_shoals_pincushion_passage
Shoals:3: layout_shoals, nicolae_shoals_flooded_hall
Shoals:4: shoals_end_grunt_ice, layout_shoals, serial_shops,
          nicolae_shop_bloodbath_and_beyond
Spider:1: layout_spider_delve, uniq_frances
Spider:2: layout_spider_delve, portal_ice_cave_entry_pillars_three, hive_lemuel,
          uniq_arachne
Spider:3: layout_spider_delve
Spider:4: guppyfry_spider_rune, uniq_louise
Slime:1:  layout_caves
Slime:2:  layout_caves
Slime:3:  layout_caves
Slime:4:  layout_caves, nicolae_slime_getting_an_eyeful
Slime:5:  slime_pit_nicolae_amoeboid
Orc:1:    layout_caves, serial_shops, shop, nicolae_book_shop_shelving,
          nicolae_book_shop_shelving, nicolae_square_shop,
          nicolae_shop_pleasant_corner_grove, gammafunk_ghost_stat_death,
          basic_altar, minmay_orc_temple_b, uniq_harold
Orc:2:    grunt_orc_tribal_feast, layout_diamond_mine
Elf:1:    elf_arrival_001, layout_gridlike, serial_shops, shop,
          hangedman_elf_disciples, corexii_checkpoint, hangedman_summoners_spam,
          minmay_shoptagon
Elf:2:    elven_hall_of_blades_hangedman_original
          [nicolae_blade_entry_hurt_lockers], layout_geoelf_octagon,
          minmay_librarian
Vaults:1: vaults_mumra_minichess_inversion, st_hourglassy, v_misc_25,
          hangedman_vaults_restitches, ontoclasm_vaults_fault,
          nicolae_vaults_tetromino_Z_2, nicolae_vaults_tetromino_Z_1,
          vaults_room_semicircle, ontoclasm_vaults_ligature, v_pattern_3,
          layout_vaults_big_room
Vaults:2: grunt_vaults_twisty, nicolae_vaults_sealed_display,
          nicolae_vaults_shelves_hall, nicolae_vaults_stepped_doors,
          blue_anna_dwarven_crypt, nicolae_vaults_little_squares_4,
          vaults_standard_mumra_x, v_misc_11, vaults_room_hallway,
          nicolae_vaults_closet_pinwheel_1, nicolae_vaults_house_1,
          nicolae_vaults_crenellated_ambush, grunt_vaults_hallway_short,
          vaults_mumra_lcd, layout_vaults_omnigrid, serial_shops, shop
Vaults:3: nicolae_vaults_trapezoid_layered, v_misc_24,
          nicolae_vaults_c_with_doors, nicolae_vaults_diamond_1,
          nicolae_vaults_puzzle_piece, vaults_room_door_hall,
          nicolae_vaults_ellipses_ellipsis, grunt_vaults_funnel, v_misc_11,
          nicolae_vaults_apartment_2, hangedman_vaults_stagger,
          ontoclasm_vaults_ring_small, nicolae_vaults_offset_grid_hallway_1,
          nicolae_vaults_tetromino_T_1, layout_vaults_omnibox
Vaults:4: gammafunk_ghost_fury_of_okawaru, nicolae_vaults_offset_grid_hallway_3,
          nicolae_vaults_alarming, nicolae_vaults_taking_the_gang_shopping,
          nicolae_vaults_thirteen_compartments, nicolae_vaults_house_2,
          nicolae_vaults_storage_closets_1, nicolae_vaults_hallways_thing,
          v_misc_26, nicolae_vaults_twisting_passages, v_misc_31,
          vaults_room_pools, nicolae_vaults_little_ls,
          ontoclasm_vaults_loading_screen, serial_ice_g, layout_vaults_ring
Vaults:5: serial_shops, uniq_margery
Crypt:1:  layout_gridlike, st_stairs_1, grunt_megastairs_2, uniq_zenata
Crypt:2:  layout_basic, nicolae_crypt_crumbling_hall,
          serial_library_regret_index_multi
Crypt:3:  lightli_unholy_cathedral, layout_chaotic_city
Tomb:1
Depths:1: layout_cave_pools, pf_coc_iceberg, rand_demon_pan_entry_7,
          nrook_campfire, minmay_shop_mayhem, st_stairs_8, tgw_sif
Depths:2: bobbens_index_wilting_gardens, layout_cave_pools, grunt_decor_cap,
          hell_entry, abyss_entry, pan_entry, onia_ninara_cookie,
          minmay_staircase_bubble, firewood_loft, uniq_vv
Depths:3: grunt_forest_end_chambers, layout_cave_pools, enter_ziggurat_a,
          hangedman_tar_grid_catacomb, nicolae_abyss_entry_one_way_or_another,
          serial_shops, bzr_entry_safe, nicolae_elyvilon_temple_path
Depths:4: grunt_crosshair, layout_cave_pools, hell_entry, abyss_entry_crystal,
          serial_shops, nicolae_shop_advertising_works
          [nicolae_subvault_shop_adworks]
Hell
Geh:1:    layout_gehenna_pools_triple
Geh:2:    layout_gehenna_pools_triple
Geh:3:    layout_gehenna_lava_caves
Zot:1:    layout_onion_interference, regret_index_zot_stipple_split,
          regret_index_zotdec_decaying_basic, hangedman_zot_diagonal_lockstep
Zot:2:    layout_gridlike
Zot:3:    layout_twisted_circle
Zot:4:    layout_onion, grunt_megastairs_3, uniq_grunn
Zot:5:    layout_gridlike

Skill      XL: |  1  2  3  4  5  6  7  8  9 10 11 12 13 14 15 16 17 18 19 20 21 22 23 24 25 26 27 |
---------------+----------------------------------------------------------------------------------+-----
Fighting       | 1 2 3 4 5 6 7 9 11 13 14 15 16 17 18 19 20 21 22 | 22.1
Invocations    | 1 2 3 4 7 8 9 10 | 10.1
Throwing       | 1 2 3 4 5 7 9 12 14 | 14.5
Dodging        | 2 3 4 5 6 7 8 9 10 11 | 11.8
Unarmed Combat | 4 5 6 7 9 10 11 12 13 14 15 16 18 19 20 21 22 | 22.7
Shapeshifting  | 4 5 7 11 14 15 16 17 18 19 20 21 22 23 24 25 | 25.8
Shields        | 4 9 11 13 14 16 17 18 19 20 | 20.0

Action                     |  1- 3 |  4- 6 |  7- 9 | 10-12 | 13-15 | 16-18 | 19-21 | 22-24 | 25-27 || total
---------------------------+-------+-------+-------+-------+-------+-------+-------+-------+-------++-------
  Melee: Unarmed           |   109 |   147 |   246 |   525 |   885 |   831 |   872 |  1227 |  1166 ||  6008
         Punch             |     1 |     4 |    11 |       |     1 |       |       |       |       ||    17
         Constrict         |       |       |       |   121 |   144 |       |       |       |       ||   265
  Throw: Boomerang         |       |     9 |    27 |     5 |       |    74 |       |    37 |     4 ||   156
         Dart              |       |     6 |       |       |       |     4 |       |       |       ||    10
         Javelin           |       |     1 |     7 |     7 |       |       |       |       |       ||    15
         Large rock        |       |       |       |       |    10 |    10 |    49 |    17 |    30 ||   116
         Throwing net      |       |       |       |       |       |     4 |       |       |       ||     4
 Invoke: Elemental Force   |       |       |       |       |     4 |    12 |    15 |    15 |    10 ||    56
         Upheaval          |       |       |       |       |       |       |       |     2 |     2 ||     4
         Disaster Area     |       |       |       |       |       |       |       |     2 |     1 ||     3
Ability: Begin Untransform |       |     1 |       |     2 |     1 |     2 |       |     4 |     3 ||    13
  Evoke: Wand              |       |       |       |     3 |       |     2 |     4 |     1 |     5 ||    15
         Box of beasts     |       |       |       |       |     1 |       |       |       |     2 ||     3
         Phantom mirror    |       |       |       |       |       |     1 |       |       |       ||     1
         Lightning rod     |       |       |       |       |       |       |     1 |       |       ||     1
         Phial of floods   |       |       |       |       |       |       |       |     1 |       ||     1
    Use: Potion            |       |     7 |     4 |     3 |    10 |     4 |     8 |    14 |    18 ||    68
         Scroll            |       |     4 |     1 |     7 |    22 |    12 |    16 |    16 |    15 ||    93
   Stab: Sleeping          |     1 |       |       |       |       |       |       |       |       ||     1
         Paralysed         |       |       |       |     3 |     1 |     4 |       |     3 |     1 ||    12
         Distracted        |       |       |       |       |     2 |       |       |       |       ||     2
 Armour: Animal skin       |    93 |    98 |   181 |     6 |       |       |       |       |       ||   378
         Skin              |       |    36 |    13 |   367 |   861 |  1238 |   605 |  1930 |  1005 ||  6055
         Fire dragon scale |       |       |       |       |     1 |       |       |       |       ||     1
  Dodge: Dodged            |    61 |    59 |   114 |   247 |   470 |   546 |   207 |   304 |   158 ||  2166
         Repelled          |       |       |       |     1 |     6 |    13 |    16 |    17 |    12 ||    65
  Block: Other             |       |       |     9 |   182 |   438 |       |     1 |       |     1 ||   631
         Reflection        |       |       |       |     4 |    39 |    49 |   114 |   103 |    69 ||   378
         Kite shield       |       |       |       |       |   161 |  1275 |       |  2191 |  1833 ||  5460
         Tower shield      |       |       |       |       |       |   304 |  1615 |   222 |       ||  2141
   Form: Beast             |       |     1 |       |       |       |       |       |       |       ||     1
         Serpent           |       |       |       |     2 |       |       |       |       |       ||     2
         Statue            |       |       |       |       |     1 |     2 |       |     4 |     2 ||     9
         Dragon            |       |       |       |       |       |       |       |       |     1 ||     1

Table legend: (Time is in decaauts)
 A = Elapsed time spent in this place.
 B = Non-inter-level travel time spent in this place.
 C = Inter-level travel time spent in this place.
 D = Time resting spent in this place.
 E = Time spent auto-exploring this place.
 F = Levels seen in this place.
 G = Mean time per level.
                   A        B        C        D        E       F      G
               +--------+--------+--------+--------+--------+-----+--------+
         Total | 123131 | 107845 |  15286 |  36470 |  32475 |  63 | 1954.5 |
       Dungeon |  36312 |  30603 |   5709 |  16209 |   9210 |  15 | 2420.8 |
        Temple |     54 |     28 |     26 |      0 |      0 |   1 |   54.0 |
          Lair |   7759 |   6381 |   1378 |   1610 |   3158 |   5 | 1551.8 |
        Shoals |   5865 |   5621 |    244 |   1446 |   2262 |   4 | 1466.2 |
   Spider Nest |   5302 |   5027 |    275 |   1455 |   1914 |   4 | 1325.5 |
    Slime Pits |   4471 |   4309 |    162 |    868 |   2250 |   5 |  894.2 |
  Orcish Mines |   2878 |   2265 |    613 |    371 |    709 |   2 | 1439.0 |
   Elven Halls |   4698 |   4277 |    421 |   1168 |   1057 |   2 | 2349.0 |
        Vaults |  15233 |  12913 |   2320 |   2492 |   4665 |   5 | 3046.6 |
         Crypt |   8460 |   7428 |   1032 |   1629 |   1996 |   3 | 2820.0 |
          Tomb |   1920 |   1917 |      3 |    502 |      0 |   1 | 1920.0 |
        Depths |  13442 |  11544 |   1898 |   4222 |   2434 |   4 | 3360.5 |
          Hell |   1966 |   1866 |    100 |    801 |    297 |   1 | 1966.0 |
       Gehenna |   1495 |   1374 |    121 |    316 |    204 |   3 |  498.3 |
           Zot |  12757 |  11779 |    978 |   3307 |   2310 |   5 | 2551.4 |
        Bazaar |    188 |    188 |      0 |      0 |      7 |   2 |   94.0 |
      Ice Cave |    323 |    323 |      0 |     70 |      0 |   1 |  323.0 |
               +--------+--------+--------+--------+--------+-----+--------+

Top non-repeatable levels by time:
    D:15: 17054 daAuts
Depths:1: 5300 daAuts
Vaults:2: 4622 daAuts
 Crypt:2: 4276 daAuts
   Zot:4: 3654 daAuts
Depths:2: 3446 daAuts
Vaults:5: 3112 daAuts
   Zot:5: 2981 daAuts
Vaults:1: 2872 daAuts
Depths:3: 2721 daAuts
Vaults:4: 2630 daAuts
   Zot:3: 2604 daAuts
   Zot:2: 2543 daAuts
   Elf:1: 2381 daAuts
    D:14: 2371 daAuts
